 Dungeon Crawl Stone Soup version 0.28-a0-1190-g77e1c55843 (webtiles) character file.

Game seed: 18428896207563570529

131 Gwenloh the Sneak (level 5, -1/26 (32) HPs)
             Began as a Kobold Brigand on Dec 18, 2021.
             Slain by a hobgoblin (5 damage)
             ... on level 4 of the Dungeon.
             The game lasted 00:07:50 (3536 turns).

Gwenloh the Sneak (Kobold Brigand)                  Turns: 3536, Time: 00:07:51

HP:   -1/26 (32)    AC:  2    Str:  9    XL:     5   Next: 37%
MP:   5/5           EV: 15    Int: 12    God:
Gold: 58            SH:  0    Dex: 18    Spells: 4/4 levels left

rFire   . . .      SeeInvis .   a - +2 dagger
rCold   . . .      Faith    .   (shield restricted)
rNeg    . . .      Spirit   .   b - +0 robe
rPois   .          Reflect  .   (no helmet)
rElec   .          Harm     .   t - scarf {+Inv}
rCorr   .          Rampage  .   (no gloves)
Will    .....                   (no boots)
Stlth   +++++.....              (no amulet)
HPRegen 0.08/turn               (no ring)
MPRegen 0.09/turn               (no ring)

@: lethally poisoned (-1 -> -2), heavily drained
A: small, no large weapons, nightstalker 3
a: Evoke Invisibility


You were on level 4 of the Dungeon.
You visited 1 branch of the dungeon, and saw 4 of its levels.

You collected 214 gold pieces.
You spent 156 gold pieces at shops.

Inventory:

Hand Weapons
 a - a +2 dagger (weapon)
Missiles
 d - 27 poisoned darts (quivered)
 e - 2 curare-tipped darts
Armour
 b - a +0 robe (worn)
 c - a +0 cloak
 t - a scarf of invisibility (worn)
Wands
 s - a wand of iceblast (5)
Scrolls
 f - a scroll of immolation {unknown}
 g - a scroll of identify {unknown}
 k - 3 scrolls of magic mapping {unknown}
 n - 2 scrolls of fear {unknown}
 o - a scroll of teleportation {unknown}
 p - a scroll of enchant armour {unknown}
 r - a scroll of noise {unknown}
Potions
 h - a potion of flight {unknown}
 i - 2 potions of curing
 j - a potion of invisibility {unknown}
 l - a potion of brilliance {unknown}
 m - a potion of haste {unknown}
 q - a potion of lignification {unknown}
 u - a potion of attraction {unknown}


   Skills:
 + Level 2.9 Fighting
 + Level 4.7 Short Blades
 - Level 2.1 Throwing
 + Level 2.2 Dodging
 * Level 6.7 Stealth
 + Level 0.0 Evocations


You had 4 spell levels left.
You didn't know any spells.
Your spell library contained the following spells:

 Spells                   Type           Power      Damage    Failure   Level
 Shock                    Conj/Air       0%         1d3       32%         1
 Ozocubu's Armour         Ice            0%         N/A       69%         3
 Swiftness                Air            0%         N/A       69%         3
 Airstrike                Air            0%         N/A       97%         4
 Ozocubu's Refrigeration  Ice            0%         4d5       100%        7


Dungeon Overview and Level Annotations

Branches:
Dungeon (4/15)
 Temple: D:4-7

Altars:
Xom

Shops:
D:1 *   D:4 !


Innate Abilities, Weirdness & Mutations

You are small and have problems with some larger weapons.
You are completely attuned to the shadows.


Message History

The adder hisses angrily.
The adder closely misses you. The hobgoblin hits you.
You completely miss the adder. The adder closely misses you.
The hobgoblin misses you. The adder barely misses you.
The adder skeleton misses you. The adder bites you.
You are poisoned.
The adder poisons you! The adder skeleton barely misses you.
The adder closely misses you.
You feel sick. The hobgoblin closely misses you.
You feel sick.
You hit the hobgoblin but do no damage.
You feel sick.
You hit the adder.
The adder is lightly wounded.
You feel sick. The hobgoblin barely misses you. The adder misses you.
You closely miss the adder.
The adder is lightly wounded.
You feel sick.
You are no longer poisoned.
The hobgoblin misses you. The adder bites you.
You are poisoned.
The adder poisons you!
Okay, then.
You feel drained.
You fail to use your ability.
You feel sick. The adder bites you. The hobgoblin barely misses you.
You feel sick. The adder barely misses you. The hobgoblin hits you.
A jackal comes into view.
You feel sick. The adder completely misses you. The adder bites you.
A jackal comes into view.
Found a worn wooden wand.
You feel sick.
The adder skeleton completely misses you.
You feel drained.
You fail to use your ability.
You feel sick. The adder skeleton closely misses you. The adder misses you.
The hobgoblin closely misses you.
You hit the adder.
The adder is heavily wounded.
You feel sick. The adder skeleton barely misses you. The adder bites you.
* * * LOW HITPOINT WARNING * * *
The hobgoblin hits you.
You die...

#.# ##)##
#. #..#
##.## #..#
#####.##
#......#
#........#
#.gZS....#
#..@.....#
####..h..#
.... #
..h/ .
.h.. ..
#.. ##.#..
#.....
#.....


You could see an adder, 3 jackals, a hobgoblin and an adder skeleton.

Vanquished Creatures
  3 adders
  4 dart slugs
  A worm (D:2)
  2 orcs
  6 ball pythons
  4 bats
  6 endoplasms
  3 giant cockroaches
  18 goblins
  12 hobgoblins
  2 jackals (D:1)
  3 quokkas
  3 frilled lizards
  6 kobolds
  9 rats
82 creatures vanquished.

Notes
Turn   | Place    | Note
-------+----------+-------------------------------------------
     0 | D:1      | Gwenloh the Kobold Brigand began the quest for the Orb.
     0 | D:1      | Reached XP level 1. HP: 12/12 MP: 1/1
     3 | D:1      | Noticed a minotaur zombie
    13 | D:1      | Noticed a merfolk zombie
    19 | D:1      | Noticed a merfolk zombie
    73 | D:1      | Reached XP level 2. HP: 17/17 MP: 2/2
   383 | D:1      | Reached XP level 3. HP: 22/22 MP: 3/3
   505 | D:1      | Found a faded altar of an unknown god.
   654 | D:1      | Found Tunemysau's General Store.
  1146 | D:2      | Reached skill level 6 in Stealth
  1167 | D:2      | Reached XP level 4. HP: 4/27 MP: 4/4
  2368 | D:3      | Reached XP level 5. HP: 29/32 MP: 5/5
  2623 | D:3      | Found a shimmering altar of Xom.
  3269 | D:4      | Found Yrphemer's Distillery.
  3390 | D:1      | Bought a scarf of invisibility for 156 gold pieces
  3536 | D:4      | Slain by a hobgoblin

Illustrated notes

Levels and vault maps discovered:
D:1:      shiori_arrival_whats_in_store_for_you, layout_basic, serial_shops,
          nicolae_lakefront_shop, chequers_ecumenical_altar_island
D:2:      layout_loops_ring, hangedman_decor_points, grunt_ministairs_1
D:3:      cheibrodos_greedy_goblins, layout_basic, general_overflow_altar,
          minmay_between
D:4:      layout_basic, serial_shops, shop

Skill      XL: |  1  2  3  4 |
---------------+-------------+-----
Short Blades   | 3 4 |  4.7
Stealth        | 6 |  6.7
Dodging        | 2 |  2.2
Fighting       | |  2.9
Throwing       | |  2.1

Action                   |  1- 3 |  4- 6 || total
-------------------------+-------+-------++-------
Melee: Dagger            |   103 |   143 ||   246
Throw: Dart              |     1 |     4 ||     5
  Use: Potion            |       |     1 ||     1
 Stab: Sleeping          |    19 |    20 ||    39
Armor: Robe              |    14 |    12 ||    26
Dodge: Dodged            |    70 |    81 ||   151

Table legend: (Time is in decaauts)
 A = Elapsed time spent in this place.
 B = Non-inter-level travel time spent in this place.
 C = Inter-level travel time spent in this place.
 D = Time resting spent in this place.
 E = Time spent auto-exploring this place.
 F = Levels seen in this place.
 G = Mean time per level.
                   A        B        C        D        E       F      G
               +--------+--------+--------+--------+--------+-----+--------+
         Total |   3498 |   3236 |    262 |     71 |   2561 |   4 |  874.5 |
       Dungeon |   3498 |   3236 |    262 |     71 |   2561 |   4 |  874.5 |
               +--------+--------+--------+--------+--------+-----+--------+

Top non-repeatable levels by time:
     D:3: 1232 daAuts
     D:2: 1209 daAuts
     D:1: 972 daAuts
     D:4: 84 daAuts
